Map: Snowy Mesa

Players

Sierra

  • Race: Protoss Protoss
  • League: Platinum
  • Spawn Location: 6:00

RuKAIF

  • Race: Zerg Zerg
  • League: Platinum
  • Spawn Location: 6:00

Musumeci

  • Race: Zerg Zerg
  • League: Diamond
  • Spawn Location: 12:00

MichyMoko

  • Race: Zerg Zerg
  • Spawn Location: 12:00

VOD

Have the link to the VOD?

Description

Time

  • Played on: March 20, 2017, 9:46 a.m.
  • Length: 8:19
Show
View Real Time Build Order
Export as new Build Order

Sierra Protoss 

Build Orders: Dark Templar Rush 

Get SALT Encoding   

  12  0:01  Probe (Chrono Boost)  
  13  0:12  Probe (Chrono Boost)  
  14  0:18  Pylon  
  14  0:22  Probe (Chrono Boost)  
  15  0:31  Assimilator  
  15  0:36  Probe (Chrono Boost)  
  16  0:44  Gateway  
  16  0:50  Probe (Chrono Boost)  
  16  0:52  Assimilator  
  17  1:00  Probe (Chrono Boost)  
  19  1:11  Probe (Chrono Boost)  
  19  1:22  Probe (Chrono Boost)  
  20  1:32  Cybernetics Core, Probe (Chrono Boost)  
  21  1:40  Zealot  
  21  1:46  Pylon  
  23  2:00  Warp Gate  
  23  2:04  Probe (Chrono Boost)  
  24  2:12  Twilight Council  
  24  2:16  Robotics Facility  
  24  2:21  Probe (Chrono Boost)  
  25  2:35  Gateway  
  25  2:37  Gateway  
  25  2:49  Dark Shrine  
  25  2:55  Pylon  
  25  3:15  Warp Prism  
  25  4:16  Dark Templar x3  
  31  4:59  Dark Templar  
  33  5:00  Dark Templar x2  
  29  5:42  Dark Templar  
  29  5:43  Dark Templar  
  27  6:02  Probe (Chrono Boost)  
  23  6:14  Probe (Chrono Boost)  
  24  6:21  Dark Templar  
  24  6:24  Dark Templar x2  
  31  6:26  Probe (Chrono Boost)  
  29  6:46  Nexus  
  29  6:58  Dark Templar  
  29  6:59  Dark Templar  
  33  7:04  Dark Templar  
  35  7:38  Dark Templar  
  28  7:52  Pylon, Probe (Chrono Boost)  
  28  7:55  Assimilator, Dark Templar  
  28  7:59  Assimilator  
  28  8:03  Pylon  
  28  8:04  Probe (Chrono Boost)  
Show
View Real Time Build Order
Export as new Build Order

RuKAIF Zerg 

Build Orders: Pool First 

Get SALT Encoding   

  12  0:03  Drone  
  13  0:08  Drone  
  14  0:18  Overlord  
  14  0:37  Drone x3  
  17  0:53  Spawning Pool  
  17  0:55  Extractor  
  17  0:56  Drone  
  16  1:16  Drone  
  17  1:18  Drone  
  18  1:27  Drone  
  19  1:40  Queen  
  19  1:41  Zergling x2  
  22  1:48  Overlord, Roach Warren  
  21  1:54  Drone  
  22  2:20  Drone x2, Extractor  
  22  2:21  Metabolic Boost  
  23  2:27  Hatchery  
  22  2:35  Overlord  
  22  2:48  Drone  
  22  2:49  Drone x2  
  25  3:02  Zergling x6  
  28  3:28  Roach x2  
  28  3:29  Roach x2  
  36  3:38  Queen  
  38  3:44  Zergling x4  
  40  4:06  Zergling x2  
  40  4:07  Zergling x6  
  42  4:48  Overlord x3  
  34  5:27  Zergling x2  
  34  5:28  Zergling x14  
  38  5:29  Zergling x12  
  40  5:52  Lair  
  40  6:04  Drone x3  
  40  6:05  Drone x5  
  48  6:27  Drone  
  48  6:28  Drone x7  
  56  6:55  Extractor  
  56  6:57  Extractor  
  54  7:01  Spire  
  53  7:17  Drone x3  
  53  7:18  Drone  
  57  7:52  Overlord  
  57  7:53  Overlord x2  
  57  7:59  Overlord x2  
Show
View Real Time Build Order
Export as new Build Order

Musumeci Zerg 

Build Orders: Hatch First 

Get SALT Encoding   

  12  0:00  Drone  
  13  0:08  Drone  
  13  0:12  Extractor  
  13  0:16  Drone  
  15  0:47  Hatchery  
  14  0:51  Extractor  
  14  0:52  Drone  
  15  1:01  Spawning Pool  
  14  1:21  Extractor  
  13  1:26  Drone  
  13  1:31  Overlord  
  14  1:49  Drone  
  14  1:50  Drone x2  
  17  2:05  Queen  
  17  2:06  Queen  
  17  2:07  Drone  
  17  2:08  Drone  
  23  2:12  Drone  
  23  2:14  Extractor  
  23  2:16  Drone  
  23  2:22  Drone, Extractor  
  25  2:25  Drone  
  26  2:31  Metabolic Boost  
  26  2:33  Zergling x2  
  27  2:40  Overlord  
  27  2:48  Zergling x2  
  28  2:59  Zergling x4  
  28  3:00  Zergling x2  
  28  3:05  Baneling Nest  
  30  3:06  Drone x2  
  32  3:15  Drone x3  
  32  3:16  Drone  
  36  3:41  Overlord  
  36  3:48  Baneling x2  
  34  4:12  Zergling x14  
  35  4:35  Spore Crawler  
  35  4:37  Spore Crawler  
  27  4:39  Spore Crawler  
  27  4:40  Spore Crawler  
  27  4:44  Queen  
  26  5:06  Spore Crawler  
  21  5:07  Spore Crawler  
  20  5:20  Zergling x18  
  18  6:00  Drone x2  
  18  6:01  Drone x4  
  23  6:10  Lair  
  21  6:14  Zergling x4  
  21  6:17  Drone  
  21  6:18  Drone x2  
  26  6:19  Queen  
  28  6:56  Zergling x16  
  36  7:07  Overseer  
  24  7:32  Spawning Pool  
  23  8:04  Drone x6  
Show
View Real Time Build Order
Export as new Build Order

MichyMoko Zerg 

Build Orders: Hatch First 

Get SALT Encoding   

  12  0:01  Drone  
  13  0:12  Overlord  
  13  0:18  Drone  
  14  0:30  Drone  
  14  0:31  Drone  
  14  0:34  Drone  
  17  0:57  Drone  
  18  1:04  Hatchery  
  18  1:10  Spawning Pool  
  16  1:23  Drone  
  17  1:27  Drone x2, Extractor  
  18  1:36  Drone  
  19  1:58  Zergling x2  
  19  2:00  Zergling x2  
  21  2:08  Overlord  
  21  2:16  Queen x2  
  25  2:24  Drone x2  
  25  2:29  Metabolic Boost  
  27  2:35  Drone x2  
  29  2:41  Drone, Zergling x2  
  31  2:47  Roach Warren  
  29  3:15  Drone x3, Zergling x2  
  29  3:16  Zergling x2, Overlord  
  33  3:31  Zergling x2  
  33  3:32  Drone  
  35  3:39  Roach x2  
  39  3:41  Queen  
  41  4:05  Roach  
  41  4:07  Overlord x4  
  43  4:16  Lair  
  43  4:19  Drone, Extractor  
  43  4:20  Drone  
  43  4:23  Overlord  
  43  4:24  Overlord  
  43  4:36  Spore Crawler  
  41  4:39  Spore Crawler  
  40  4:49  Spore Crawler  
  29  5:00  Roach  
  29  5:01  Roach x7  
  34  5:45  Extractor  
  34  5:48  Extractor  
  32  6:19  Drone x5  
  33  7:17  Queen  
  23  7:55  Zergling x4  
  23  7:56  Zergling x4  
Tags
 
Add a new tag
Caveats
  • Supply blocks, unpowered buildings, or Contaminate may cause inaccurate times.
  • Supply counts are checked every 10 seconds.